 Dungeon Sprint DCSS version 0.16-a0-4004-g8d6611c (webtiles) character file.

13000000 PolkaDot the Grand Master (level 27, -99/323 HPs)
             Began as a Demonspawn Monk on Feb 15, 2015.
             Was the Champion of Makhleb.
             Annihilated by a fleshlord
             ... wielding a +9 great mace
              (257 damage)
             ... in the Dungeon (Sprint VIII: "Arena of Blood").
             The game lasted 00:05:35 (130 turns).

PolkaDot the Grand Master (Demonspawn Monk)          Turns: 130, Time: 00:05:35

Health: -99/323    AC: 14    Str: 14      XL:     27
Magic:  41/49      EV: 35    Int: 12      God:    Makhleb [******]
Gold:   0          SH:  0    Dex: 20 (23) Spells: 0 memorised, 80 levels left

rFire  . . .     SeeInvis +     i - +∞ Axe of Woe
rCold  + . .     Clarity  .     a - +0 robe
rNeg   . . .     SustAb   .     (no shield)
rPois  .         Gourm    .     (no helmet)
rElec  .         Spirit   .     (no cloak)
rCorr  .         Warding  .     (no gloves)
rMut   .         NoTele   +     (boots unavailable)
MR     ++...                    (no amulet)
Stlth  +++++++++.               (no ring)
                                d - ring of see invisible

@: lethally poisoned (-99 -> -145), very slightly contaminated, hasted and
slowed, very resistant to hostile enchantments, incredibly stealthy
A: hooves 3, rough black scales 3, cold resistance 1, icemail, robust 3, spiny
3, freezing cloud immunity
a: Minor Destruction, Lesser Servant of Makhleb, Major Destruction, Greater
Servant of Makhleb, Renounce Religion


You were in the Dungeon.
You worshipped Makhleb.
Makhleb was exalted by your worship.
You were not hungry.

You visited 1 branch

Inventory:

Hand weapons
 i - the +∞ Axe of Woe (weapon)
   (You found it in the Dungeon)
Armour
 a - a +0 robe (worn)
Jewellery
 d - a ring of see invisible (left hand)
Scrolls
 h - a scroll of blinking
Potions
 c - a potion of curing
 f - 2 potions of magic
 g - a potion of berserk rage
Comestibles
 b - a bread ration


   Skills:
 O Level 27 Fighting
 O Level 27 Axes
 O Level 27 Throwing
 O Level 27 Armour
 O Level 27 Dodging
 O Level 27 Stealth
 O Level 27 Unarmed Combat
 O Level 27 Spellcasting
 O Level 27 Invocations


You had 80 spell levels left.
You didn't know any spells.

Dungeon Overview and Level Annotations

Branches:
Dungeon (1/1)

Altars:
Makhleb


Innate Abilities, Weirdness & Mutations

You have hooves in place of feet.
You are completely covered in rough black scales (AC +10, Dex -3).
Your flesh is cold resistant.
A meltable icy envelope protects you from harm and freezing vapours (AC +0).
You are extremely robust (+30% HP).
You are completely covered in sharp spines.
You are immune to freezing clouds.


Message History

You barely resist.
You hear a shout! x8
You open the scourge like a pillowcase!!!
You slaughter the scourge joyfully.
You kill the scourge!
Makhleb accepts your kill.
You feel a little better.
You feel very sick.
You hear a shout! x5
You feel very sick.
You hear a shout! x7
The eight-headed meat hydra calls on the powers of darkness!
The eight-headed meat hydra convulses!
The bag of meat convulses!
The bag of meat convulses!
The meat berserker convulses!
Your body is wracked with pain!
* * * LOW HITPOINT WARNING * * *
The bag of meat convulses! x2
The fleshlord hits you with a +9 great mace!!!!!
Ouch! That really hurt!
You die...

...........#)).#...
............#.)S.# ..
.o.%.....†##.))).#...
.#........#...).)#.... .
o.........#.).###....#
..##.#o.....))O......#..
......D.%...)...........
###....#o)%..####........
.......p@.)....#.......##
........))..).......####
#...............####
#################


You could see an eight-headed meat hydra, a fleshlord, a meat berserker
(berserk) and 3 bags of meat.

Vanquished Creatures
  3 great orbs of eyes (D)
  4 greater mummies (D)
  5 hell beasts (D)
  2 hell knights (D)
  5 hill giants (D)
  A hydra (D)
  5 liches (D)
  22 ogres (D)
  50 orcs (D)
  5 phantoms (D)
  2 skeletal warriors (D)
  7 vampire knights (D)
  2 wraiths (D)
  3 sea snakes (D)
  2 tentacled monstrosities (D)
  4 small abominations (D)
  10 large abominations (D)
  5 crawling corpses (D)
137 creatures vanquished.

Vanquished Creatures (others)
  A crawling corpse (D)
1 creature vanquished.

Grand Total: 138 creatures vanquished

Notes
Turn   | Place    | Note
--------------------------------------------------------------
     0 | D        | PolkaDot, the Demonspawn Monk, began the quest for the Orb.
     0 | D        | Reached XP level 1. HP: 18/18 MP: 1/1
     3 | D        | Noticed a bag of meat
     4 | D        | Noticed a bag of meat
     4 | D        | Became a worshipper of Makhleb the Destroyer
     4 | D        | Acquired Makhleb's first power
     4 | D        | Acquired Makhleb's second power
     5 | D        | Noticed a bag of meat
     5 | D        | Noticed a bag of meat
     6 | D        | Noticed a meat berserker
     6 | D        | Noticed a bag of meat
     7 | D        | Noticed a bag of meat
     7 | D        | Noticed a meat berserker
     7 | D        | Noticed a bag of meat
     7 | D        | Noticed a bag of meat
     8 | D        | Killed a bag of meat
     8 | D        | Reached skill level 13 in Fighting
     8 | D        | Reached skill level 5 in Stealth
     8 | D        | Reached skill level 18 in Unarmed Combat
     8 | D        | Gained mutation: You have large cloven feet. [demonic ancestry]
     8 | D        | Reached XP level 2. HP: 21/40 MP: 2/2
     8 | D        | Gained mutation: Your flesh is cold resistant. [demonic ancestry]
     8 | D        | Reached XP level 3. HP: 24/46 MP: 3/3
     8 | D        | Reached XP level 4. HP: 27/53 MP: 4/4
     8 | D        | Gained mutation: You are partially covered in rough black scales (AC +4, Dex -1). [demonic ancestry]
     8 | D        | Reached XP level 5. HP: 30/59 MP: 5/5
     8 | D        | Reached XP level 6. HP: 33/66 MP: 6/6
     8 | D        | Gained mutation: You are partially covered in sharp spines. [demonic ancestry]
     8 | D        | Reached XP level 7. HP: 36/72 MP: 7/7
     8 | D        | Reached XP level 8. HP: 39/79 MP: 8/8
     8 | D        | Gained mutation: You are mostly covered in rough black scales (AC +7, Dex -2). [demonic ancestry]
     8 | D        | Reached XP level 9. HP: 41/85 MP: 9/9
     8 | D        | Gained mutation: You are immune to freezing clouds. [demonic ancestry]
     8 | D        | Reached XP level 10. HP: 44/92 MP: 10/10
     8 | D        | Gained mutation: A meltable icy envelope protects you from harm and freezing vapours (AC +0). [demonic ancestry]
     8 | D        | Reached XP level 11. HP: 46/98 MP: 11/11
     9 | D        | Noticed a bag of meat
     9 | D        | Noticed a bag of meat
     9 | D        | Killed a meat berserker
     9 | D        | Reached skill level 15 in Fighting
     9 | D        | Reached skill level 20 in Unarmed Combat
     9 | D        | Gained mutation: You have hoof-like feet. [demonic ancestry]
     9 | D        | Reached XP level 12. HP: 6/110 MP: 12/12
     9 | D        | Killed a bag of meat
     9 | D        | Acquired Makhleb's third power
     9 | D        | Reached skill level 15 in Dodging
     9 | D        | Reached skill level 22 in Unarmed Combat
     9 | D        | Gained mutation: You are completely covered in rough black scales (AC +10, Dex -3). [demonic ancestry]
     9 | D        | Reached XP level 13. HP: 67/119 MP: 13/13
     9 | D        | Killed a bag of meat
     9 | D        | Reached skill level 23 in Unarmed Combat
    10 | D        | Noticed a bag of meat
    10 | D        | Noticed a meat berserker
    10 | D        | Noticed a bag of meat
    10 | D        | Noticed a bag of meat
    10 | D        | Killed a meat berserker
    10 | D        | Acquired Makhleb's fourth power
    10 | D        | Reached skill level 5 in Axes
    10 | D        | Reached skill level 24 in Unarmed Combat
    10 | D        | Reached XP level 14. HP: 67/131 MP: 14/14
    10 | D        | Killed a bag of meat
    10 | D        | Reached skill level 25 in Unarmed Combat
    10 | D        | Killed a bag of meat
    10 | D        | Reached skill level 26 in Unarmed Combat
    10 | D        | Gained mutation: You have hooves in place of feet. [demonic ancestry]
    10 | D        | Reached XP level 15. HP: 139/141 MP: 15/15
    11 | D        | Noticed a meat berserker
    11 | D        | Noticed a bag of meat
    11 | D        | Noticed a bag of meat
    11 | D        | Noticed a bag of meat
    11 | D        | Noticed a bag of meat
    11 | D        | Noticed a bag of meat
    11 | D        | Noticed a bag of meat
    11 | D        | Killed a bag of meat
    11 | D        | Acquired Makhleb's fifth power
    11 | D        | Killed a bag of meat
    11 | D        | Reached skill level 27 in Unarmed Combat
    12 | D        | Noticed a bag of meat
    12 | D        | Noticed a bag of meat
    12 | D        | Noticed a large bag of meat
    12 | D        | Noticed a bag of meat
    12 | D        | Killed a bag of meat
    12 | D        | Reached skill level 10 in Axes
    12 | D        | Killed a bag of meat
    12 | D        | Reached XP level 16. HP: 156/159 MP: 16/16
    12 | D        | Killed a bag of meat
    13 | D        | Noticed a meat berserker
    13 | D        | Noticed a bag of meat
    13 | D        | Noticed a bag of meat
    14 | D        | Noticed a meat berserker
    14 | D        | Noticed a destroyer
    14 | D        | Killed a bag of meat
    14 | D        | Killed a meat berserker
    14 | D        | Killed a meat berserker
    14 | D        | Reached skill level 27 in Fighting
    14 | D        | Reached skill level 15 in Axes
    14 | D        | Gained mutation: You are mostly covered in sharp spines. [demonic ancestry]
    14 | D        | Reached XP level 17. HP: 172/174 MP: 17/17
    15 | D        | Killed a bag of meat
    15 | D        | Reached skill level 10 in Stealth
    15 | D        | Killed a bag of meat
    15 | D        | Killed a bag of meat
    15 | D        | Killed a bag of meat
    15 | D        | Reached skill level 27 in Dodging
    16 | D        | Killed a meat berserker
    16 | D        | Gained mutation: You are robust (+10% HP). [demonic ancestry]
    16 | D        | Reached XP level 18. HP: 174/200 MP: 18/18
    16 | D        | Killed a meat berserker
    16 | D        | Killed a bag of meat
    16 | D        | Killed a bag of meat
    16 | D        | Reached skill level 27 in Axes
    16 | D        | Reached skill level 15 in Stealth
    17 | D        | Killed a bag of meat
    17 | D        | Killed a bag of meat
    18 | D        | Noticed a bag of meat
    18 | D        | Killed a large bag of meat
    18 | D        | Reached XP level 19. HP: 203/207 MP: 18/18
    19 | D        | Noticed a destroyer
    19 | D        | Killed a bag of meat
    19 | D        | Killed a bag of meat
    19 | D        | Reached skill level 27 in Stealth
    20 | D        | Killed a bag of meat
    21 | D        | Noticed a destroyer
    21 | D        | Noticed a bag of meat
    22 | D        | Noticed a large bag of meat
    23 | D        | Killed a destroyer
    25 | D        | Noticed a large bag of meat
    25 | D        | Noticed a meat berserker
    25 | D        | Noticed a bag of meat
    26 | D        | Killed a bag of meat
    26 | D        | Reached skill level 10 in Throwing
    26 | D        | Reached skill level 10 in Armour
    26 | D        | Reached skill level 10 in Spellcasting
    27 | D        | Killed a bag of meat
    27 | D        | Reached XP level 20. HP: 216/216 MP: 19/37
    27 | D        | Killed a large bag of meat
    28 | D        | Killed a bag of meat
    29 | D        | Killed a destroyer
    29 | D        | Reached skill level 15 in Throwing
    29 | D        | Reached skill level 15 in Armour
    29 | D        | Reached skill level 15 in Spellcasting
    29 | D        | Killed a bag of meat
    30 | D        | Killed a large bag of meat
    31 | D        | Noticed a sculptor of flesh
    31 | D        | Noticed a bag of meat
    31 | D        | Killed a meat berserker
    32 | D        | Noticed a destroyer
    32 | D        | Killed a bag of meat
    34 | D        | Noticed a meat berserker
    35 | D        | Killed a destroyer
    35 | D        | Reached XP level 21. HP: 224/224 MP: 21/43
    36 | D        | Killed a sculptor of flesh
    38 | D        | Noticed a bag of meat
    38 | D        | Killed a meat berserker
    38 | D        | Reached skill level 27 in Invocations
    38 | D        | Killed a bag of meat
    39 | D        | Noticed a meat berserker
    39 | D        | Killed a destroyer
    40 | D        | Noticed a bag of meat
    40 | D        | Noticed a bag of meat
    40 | D        | Noticed a meat berserker
    41 | D        | Noticed a meat berserker
    41 | D        | Noticed a bag of meat
    41 | D        | Noticed a meat berserker
    42 | D        | Noticed a tyrant
    42 | D        | Noticed a bag of meat
    42 | D        | Noticed a tyrant
    42 | D        | Killed a meat berserker
    43 | D        | Noticed a meat berserker
    43 | D        | Noticed a bag of meat
    43 | D        | Noticed a bag of meat
    43 | D        | Noticed a meat berserker
    44 | D        | Noticed a destroyer
    44 | D        | Killed a bag of meat
    45 | D        | Noticed a bag of meat
    45 | D        | Noticed a meat berserker
    45 | D        | Killed a meat berserker
    45 | D        | Killed a bag of meat
    45 | D        | Reached XP level 22. HP: 233/233 MP: 23/46
    46 | D        | Killed a bag of meat
    46 | D        | Killed a meat berserker
    47 | D        | Noticed a bag of meat
    47 | D        | Noticed a bag of meat
    47 | D        | Noticed a bag of meat
    47 | D        | Noticed a bag of meat
    48 | D        | Noticed a bag of meat
    48 | D        | Killed a bag of meat
    48 | D        | Killed a meat berserker
    49 | D        | Noticed a large bag of meat
    49 | D        | Killed a meat berserker
    49 | D        | Reached skill level 27 in Throwing
    49 | D        | Reached skill level 27 in Armour
    49 | D        | Reached skill level 27 in Spellcasting
    49 | D        | Killed a bag of meat
    49 | D        | Killed a meat berserker
    50 | D        | Killed a meat berserker
    50 | D        | Killed a destroyer
    50 | D        | Reached XP level 23. HP: 240/240 MP: 24/48
    51 | D        | Noticed a bag of meat
    51 | D        | Noticed a destroyer
    51 | D        | Noticed an accursed
    51 | D        | Killed a bag of meat
    52 | D        | Noticed a meat berserker
    52 | D        | Noticed a bag of meat
    52 | D        | Noticed a tyrant
    53 | D        | Killed a bag of meat
    53 | D        | Killed a bag of meat
    53 | D        | Killed a meat berserker
    54 | D        | Noticed a tyrant
    54 | D        | Killed a destroyer
    55 | D        | Noticed a bag of meat
    55 | D        | Killed a bag of meat
    55 | D        | Killed a large bag of meat
    55 | D        | Killed an accursed
    56 | D        | Killed a bag of meat
    57 | D        | Killed a tyrant
    57 | D        | Reached XP level 24. HP: 249/249 MP: 26/48
    57 | D        | Killed a bag of meat
    58 | D        | Noticed an accursed
    58 | D        | Killed a tyrant
    59 | D        | Killed a bag of meat
    59 | D        | Killed a bag of meat
    61 | D        | Noticed a tyrant
    61 | D        | Noticed a sculptor of flesh
    61 | D        | Killed a bag of meat
    62 | D        | Noticed a bag of meat
    62 | D        | Killed a tyrant
    62 | D        | Killed a bag of meat
    62 | D        | Killed a tyrant
    63 | D        | Noticed a meat beast
    63 | D        | Noticed a bag of meat
    63 | D        | Noticed a bag of meat
    67 | D        | Noticed a large bag of meat
    67 | D        | Noticed a meat beast
    68 | D        | Noticed a meat berserker
    68 | D        | Killed a meat beast
    68 | D        | Killed a sculptor of flesh
    68 | D        | Gained mutation: You are very robust (+20% HP). [demonic ancestry]
    68 | D        | Reached XP level 25. HP: 249/280 MP: 28/49
    69 | D        | Noticed an accursed
    69 | D        | Noticed a dread
    69 | D        | Killed a meat beast
    70 | D        | Noticed a meat beast
    70 | D        | Killed a tyrant
    71 | D        | Noticed a meat beast
    71 | D        | Noticed a meat beast
    73 | D        | Killed a large bag of meat
    73 | D        | Killed a bag of meat
    74 | D        | Killed a meat beast
    74 | D        | Killed a bag of meat
    75 | D        | Killed a meat berserker
    76 | D        | Noticed a dread
    77 | D        | Killed a meat beast
    77 | D        | Killed a bag of meat
    79 | D        | Killed a meat beast
    81 | D        | Killed a bag of meat
    82 | D        | Killed an accursed
    83 | D        | Noticed a meat berserker
    85 | D        | Killed a dread
    86 | D        | Noticed a meat berserker
    88 | D        | Killed a dread
    88 | D        | Gained mutation: You are extremely robust (+30% HP). [demonic ancestry]
    88 | D        | Reached XP level 26. HP: 194/314 MP: 33/49
    89 | D        | Killed a meat berserker
    91 | D        | Noticed an accursed
    91 | D        | Killed a meat berserker
    93 | D        | Noticed a meat berserker
    94 | D        | Killed a wretched soul
    96 | D        | Killed an accursed
    97 | D        | Killed an accursed
   102 | D        | Killed a meat berserker
   103 | D        | Noticed a meat berserker
   104 | D        | Killed a wretched soul
   104 | D        | Killed an observer
   110 | D        | Killed a meat berserker
   110 | D        | Killed an observer
   111 | D        | Noticed a wretched soul
   111 | D        | Noticed a wretched soul
   111 | D        | Noticed an observer
   112 | D        | Noticed a destroyer
   113 | D        | Killed a wretched soul
   115 | D        | Noticed a meat berserker
   115 | D        | Killed a wretched soul
   115 | D        | Gained mutation: You are completely covered in sharp spines. [demonic ancestry]
   115 | D        | Reached XP level 27. HP: 188/323 MP: 37/49
   116 | D        | Killed a destroyer
   117 | D        | Killed an observer
   119 | D        | Noticed a bag of meat
   119 | D        | Noticed a bag of meat
   120 | D        | Noticed a fleshlord
   120 | D        | Noticed a wretched soul
   122 | D        | Noticed a bag of meat
   122 | D        | Killed a meat berserker
   123 | D        | Noticed a bag of meat
   123 | D        | Noticed a fleshlord
   124 | D        | Noticed a bag of meat
   124 | D        | Noticed a bag of meat
   125 | D        | Killed a bag of meat
   125 | D        | Killed a wretched soul
   126 | D        | Noticed a meat beast
   126 | D        | Noticed a bag of meat
   126 | D        | Noticed a fleshlord
   127 | D        | Killed a fleshlord
   127 | D        | Killed a bag of meat
   128 | D        | Killed a fleshlord
   128 | D        | Killed a bag of meat
   130 | D        | Annihilated by a fleshlord

Action                   |  1- 3 |  4- 6 |  7- 9 | 10-12 | 13-15 | 16-18 | 19-21 | 22-24 | 25-27 || total
-------------------------+-------+-------+-------+-------+-------+-------+-------+-------+-------++-------
Melee: Executioner's axe |     1 |       |       |     1 |     3 |     5 |    18 |    18 |    31 ||    77
  Use: Potion            |       |       |       |       |       |       |       |       |     2 ||     2
